 Dungeon Sprint DCSS version 0.18-a0-1123-gbd92598 (webtiles) character file.

417 Kidiri the Covert (level 6, -3/28 HPs)
             Began as a Spriggan Enchanter on Jan 19, 2016.
             Was an Initiate of Dithmenos.
             Killed from afar by a wizard (27 damage)
             ... with a crystal spear
             ... in the Dungeon (Sprint III: "The Ten Rune Challenge").
             The game lasted 00:05:23 (804 turns).

Kidiri the Covert (Spriggan Enchanter)               Turns: 804, Time: 00:05:23

Health: -3/28      AC:  3    Str:  4    XL:     6   Next: 61%
Magic:  10/17      EV: 25    Int: 17    God:    Dithmenos [......]
Gold:   50         SH:  0    Dex: 18    Spells: 5 memorised, 7 levels left

rFire  . . .     SeeInvis +     a - +1 dagger
rCold  . . .     Gourm    .     b - +1 robe
rNeg   . . .     Faith    .     (shield restricted)
rPois  .         Spirit   .     (helmet restricted)
rElec  .         Dismiss  .     (no cloak)
rCorr  .         Reflect  .     (gloves unavailable)
SustAt .         Harm     .     (boots unavailable)
MR     +....     NoTele   +     (no amulet)
Stlth  +++++.....               (no ring)
                                (no ring)

@: very quick, somewhat resistant to hostile enchantments, quite stealthy
A: unfitting armour, see invisible, herbivore 3, speed 3, frail 1, slow
metabolism 2
a: Renounce Religion


You were in the Dungeon.
You worshipped Dithmenos.
Dithmenos was noncommittal.
You were not hungry.

You visited 1 branch You collected 50 gold pieces.

Inventory:

Hand Weapons
 a - a +1 dagger (weapon)
Armour
 b - a +1 robe (worn)
Scrolls
 f - a scroll of torment
 j - a scroll of blinking
 k - a scroll of identify
 l - 4 scrolls of remove curse
 p - a scroll of holy word
Potions
 g - a potion of haste
 h - 2 potions of magic
 i - a potion of berserk rage
 n - 2 potions of curing
 o - 3 potions of flight
 q - a potion of heal wounds
Books
 c - a book of Maledictions

   Spells                             Type                      Level
   a - Corona                         Hexes                        1
   b - Ensorcelled Hibernation        Hexes/Ice                    2
   c - Confuse                        Hexes                        3
   d - Tukima's Dance                 Hexes                        3
   e - Dazzling Spray                 Conjuration/Hexes            3
 e - a book of Alchemy

   Spells                             Type                      Level
   a - Sublimation of Blood           Necromancy                   2
   b - Ignite Poison                  Fire/Transmutation/Poison    3
   c - Condensation Shield            Ice                          4
   d - Petrify                        Transmutation/Earth          4
   e - Alistair's Intoxication        Transmutation/Poison         5
   f - Irradiate                      Conjuration/Transmutation    5
Comestibles
 d - a bread ration
 m - 5 fruits
 r - a royal jelly


   Skills:
 + Level 3.1 Fighting
 * Level 6.2 Short Blades
 + Level 2.7 Armour
 * Level 8.8 Dodging
 * Level 9.8 Stealth
 * Level 7.3 Spellcasting
 + Level 2.4 Conjurations
 + Level 5.9 Hexes
 + Level 2.6 Ice Magic
 + Level 0.0 Invocations


You had 7 spell levels left.
You knew the following spells:

 Your Spells              Type           Power        Failure   Level  Hunger
a - Corona                Hex            ####...      1%          1    None
b - Ensorcelled Hibernat  Hex/Ice        ###...       2%          2    None
c - Confuse               Hex            ####....     3%          3    ##.....
d - Tukima's Dance        Hex            ####....     3%          3    ##.....
e - Dazzling Spray        Conj/Hex       ###.....     8%          3    ##.....


Dungeon Overview and Level Annotations

Branches:
Dungeon (1/1)

Altars:
Dithmenos
Gozag
Kikubaaqudgha
Makhleb
Nemelex Xobeh
Pakellas
Qazlal
Ru
Sif Muna
Vehumet
Xom
Jiyva
Lugonu


Innate Abilities, Weirdness & Mutations

You are tiny and cannot use many weapons and most armour.
You have supernaturally acute eyesight.
You are a herbivore.
You cover ground extremely quickly.
You need consume almost no food.
You are frail (-10% HP).


Message History

Dithmenos accepts your kill.
The quasit disappears in a puff of smoke!
The wizard casts a spell at you. The bolt of fire misses you.
Things that are here:
a dagger; a robe Unknown command.
e - a book of Alchemy You now have 50 gold pieces (gained 16).
The wizard hits you with a dagger.
Casting: Dazzling Spray
Confirm with . or Enter, or press ? or * to list all spells.
Aiming: Ensorcelled Hibernation
Press: ? - help, Shift-Dir - straight line, f - wizard
Aim: a wizard, wielding a dagger and wearing a robe (moderately wounded, chance to defeat MR: 18%)
The wizard resists with almost no effort.
The wizard gestures at you while chanting.
The crystal spear hits you!
Ouch! That really hurt!
You die...

#.......#..#..#
##.##...#..#..###+#+###+##
##.###..##+#..#..........#
###.##..###...'.⌠........#
#..##..####...#...######+#
...##..###....#.⌠.#__#...#
..##...##.....#...#__#...#
.##....#......#p###__#...#
###..##.#.....#)@.#__#...+
# #..#####....#___#__+...#
▓ ▓▓▓▓ ▓▓▓▓▓▓▓▓▓▓▓▓▓▓▓▓▓


You could see a wizard.

Vanquished Creatures
  A shadow (D)
  A spatial vortex (D)
  A water elemental (D)
  A jelly (D)
  A human (D)
  A kobold demonologist (D)
  2 oozes (D)
  A phantom (D)
  2 rats (D)
11 creatures vanquished.

Vanquished Creatures (others)
  2 draconian scorchers (D)
  A yaktaur (D)
3 creatures vanquished.

Grand Total: 14 creatures vanquished

Notes
Turn   | Place    | Note
--------------------------------------------------------------
     0 | D        | Kidiri the Spriggan Enchanter began the quest for the Orb.
     0 | D        | Reached XP level 1. HP: 9/9 MP: 5/5
    26 | D        | Killed a yaktaur
   199 | D        | Killed a white draconian scorcher
   304 | D        | Reached skill level 1 in Fighting
   304 | D        | Reached skill level 5 in Stealth
   304 | D        | Reached XP level 2. HP: 12/14 MP: 7/7
   339 | D        | Learned a level 2 spell: Ensorcelled Hibernation
   500 | D        | Killed a white draconian scorcher
   637 | D        | Reached skill level 1 in Armour
   637 | D        | Reached XP level 3. HP: 18/18 MP: 4/9
   652 | D        | Gained mutation: You are frail (-10% HP). [potion of mutation]
   652 | D        | Gained mutation: You are weak. (Str -2) [potion of mutation]
   652 | D        | Gained mutation: You are very frail (-20% HP). [potion of mutation]
   653 | D        | Lost mutation: You are very frail (-20% HP). [potion of mutation]
   653 | D        | Lost mutation: You are weak. (Str -2) [potion of mutation]
   687 | D        | Learned a level 3 spell: Confuse
   691 | D        | Learned a level 3 spell: Dazzling Spray
   699 | D        | Noticed a water elemental
   703 | D        | Killed a water elemental
   703 | D        | Reached skill level 5 in Dodging
   703 | D        | Reached skill level 6 in Stealth
   703 | D        | Reached skill level 1 in Ice Magic
   703 | D        | Reached XP level 4. HP: 20/20 MP: 9/11
   715 | D        | Noticed a shadow
   717 | D        | Killed a shadow
   717 | D        | Reached skill level 5 in Short Blades
   717 | D        | Reached skill level 7 in Dodging
   717 | D        | Reached skill level 8 in Stealth
   717 | D        | Reached skill level 1 in Conjurations
   717 | D        | Reached skill level 5 in Hexes
   717 | D        | Reached XP level 5. HP: 24/24 MP: 11/15
   721 | D        | Reached skill level 9 in Stealth
   721 | D        | Reached XP level 6. HP: 28/28 MP: 11/16
   753 | D        | Found an oddly glowing altar of Pakellas.
   753 | D        | Found a stormy altar of Qazlal.
   754 | D        | Found a sacrificial altar of Ru.
   754 | D        | Found a burning altar of Makhleb.
   754 | D        | Found a viscous altar of Jiyva.
   754 | D        | Found a shimmering altar of Xom.
   754 | D        | Found a shadowy altar of Dithmenos.
   754 | D        | Found a sparkling altar of Nemelex Xobeh.
   754 | D        | Found a corrupted altar of Lugonu.
   754 | D        | Found an opulent altar of Gozag.
   754 | D        | Noticed a spatial vortex
   755 | D        | Killed a spatial vortex
   759 | D        | Became a worshipper of Dithmenos the Shadowed
   764 | D        | Learned a level 3 spell: Tukima's Dance
   788 | D        | Found a radiant altar of Vehumet.
   789 | D        | Found a deep blue altar of Sif Muna.
   789 | D        | Found an ancient bone altar of Kikubaaqudgha.
   804 | D        | Killed from afar by a wizard

Vault maps used:
D:        dungeon_sprint_mu

Action                   |  1- 3 |  4- 6 || total
-------------------------+-------+-------++-------
Melee: Dagger            |    31 |     9 ||    40
 Cast: Corona            |     6 |       ||     6
       Ensorcelled Hiber |     3 |     1 ||     4
       Dazzling Spray    |       |     2 ||     2
  Use: Potion            |     4 |       ||     4
       Scroll            |     3 |       ||     3
 Stab: Sleeping          |     4 |     3 ||     7
